 Dungeon Sprint DCSS version 0.32-a0-485-g70f7560b1c (webtiles) character file.

Game seed: 16674680659116431186

4694 rocky1 the Severer (level 10, -4/97 HPs)
             Began as a Mountain Dwarf Fighter on Feb 27, 2024.
             Was an Initiate of Gozag.
             Slain by Frances
             ... wielding a +2 war axe of holy wrath
              (5 damage)
             ... in the Dungeon (Sprint III: "The Ten Rune Challenge").
             The game lasted 00:08:15 (3645 turns).

rocky1 the Severer (Mountain Dwarf Fighter)         Turns: 3645, Time: 00:08:16

Health: -4/97      AC:  9    Str: 25    XL:     10   Next: 21%
Magic:  10/10      EV: 10    Int: 10    God:    Gozag
Gold:   2831       SH:  6    Dex:  9    Spells: 5/9 levels left

rFire   . . .        d - +0 broad axe
rCold   + . .        c - +0 buckler
rNeg    . . .        r - +0 ring mail of Acsoaj {rC+ Str+3}
rPois   .            (no helmet)
rElec   .            f - +0 cloak
rCorr   .            (no gloves)
SInv    .            (no boots)
Will    +....        (no amulet) Stlth
                     (no ring)
HPRegen 0.36/turn    (no ring)
MPRegen 0.12/turn

%: no teleportation
@: on berserk cooldown, slowed, very slow
A: runic magic, artefact enchanting
a: Renounce Religion, Potion Petition, Call Merchant, Bribe Branch


You were in the Dungeon.
You worshipped Gozag.
Gozag was most pleased with you.
You visited 1 branch You collected 4869 gold pieces.
You spent 661 gold pieces at shops.
You paid 1377 gold pieces to Gozag.

Inventory:

Hand Weapons
 a - a +0 war axe
 d - a +0 broad axe (weapon)
 p - a +1 flail of freezing
Missiles
 q - a boomerang (quivered)
Armour
 b - a +0 scale mail
 c - a +0 buckler (worn)
 f - a +0 cloak (worn)
 g - a +0 chain mail
 r - the +0 ring mail of Acsoaj (worn) {rC+ Str+3}
   (You bought it in a shop in the Dungeon)

   Str+3:     It affects your strength (+3).
   rC+:       It protects you from cold.
 s - the +1 ring mail "Ihericheo" {Str+4}
   (You bought it in a shop in the Dungeon)

   Str+4:     It affects your strength (+4).
Scrolls
 j - a scroll of blinking
 l - a scroll of torment
 o - a scroll of immolation {unknown}
Potions
 e - 3 potions of curing
 h - 2 potions of magic
 k - 5 potions of mutation
 n - a potion of enlightenment
Miscellaneous
 i - a phantom mirror


   Skills:
 - Level 12.0 Fighting
 + Level 17.0 Axes
 - Level 12.0 Armour
 - Level 0.3 Dodging
 + Level 10.9 Shields
 + Level 11.1 Fire Magic


You had 5 spell levels left.
You knew the following spells:

 Your Spells              Type           Power      Damage    Failure   Level
a - Sticky Flame          Fire/Alch      11%        2d5       43%         4

Your spell library contained the following spells:

 Spells                   Type           Power      Damage    Failure   Level
 Inner Flame              Hex/Fire       11%        N/A       14%         3
 Summon Small Mammal      Summ           0%         N/A       43%         1
 Flame Wave               Conj/Fire      11%        2d6       43%         4
 Summon Blazeheart Golem  Fire/Summ      11%        N/A       43%         4
 Call Canine Familiar     Summ           0%         N/A       80%         3


Dungeon Overview and Level Annotations

Branches:
Dungeon (1/1)

Altars:
Cheibriados
Dithmenos
Elyvilon
Fedhas
Gozag
Hepliaklqana
Kikubaaqudgha
Makhleb
Nemelex Xobeh
Okawaru
Qazlal
Ru
Sif Muna
Trog
Uskayaw
Vehumet
Wu Jian
Xom
Yredelemnul
Zin
The Shining One
Beogh
Jiyva
Lugonu

Shops:
D [[

Annotations:
D Donald, Frances


Innate Abilities, Weirdness & Mutations

Your spellcasting is much less encumbered by armour.
You can use scrolls of enchantment on lesser artefacts.


Message History

[a] - 260 gold - heal wounds and berserk rage [b] - 500 gold - haste, enlightenment and resistance [c] - 588 gold - resistance, enlightenment, heal wounds, curing and berserk rage Purchase which effect?
You no longer have enough gold to bribe branches to halt enemies' attacks and recruit allies.
You feel much better.
A red film seems to cover your vision as you go berserk!
You feel yourself moving faster!
You feel mighty!
The door flies open with a bang!
You feel a strong urge to attack something.
Donald and Frances come into view.
Donald is wielding a +1 war axe of holy wrath and wearing a +1 kite shield of reflection.
Frances is wielding a +2 war axe of holy wrath and quivering curare-tipped darts.
Donald shouts!
There is an open door here.
You feel your anger nearly subside.
Frances mutters in a terrible tongue.
Frances seems to speed up.
Donald casts a spell.
Donald seems to speed up.
Donald blocks your attack.
You closely miss Frances.
You are no longer berserk.
You are exhausted.
You feel yourself slow down.
You closely miss Donald. You closely miss Frances. Frances misses you.
Donald hits you with a +1 war axe of holy wrath!!
Frances whispers indecipherable words.
The iron shot misses you.
Donald hits you with a +1 war axe of holy wrath!
Unknown command.
You hit Frances.
Frances is lightly wounded.
Donald blocks your attack.
Donald hits you with a +1 war axe of holy wrath!
Frances hits you with a +2 war axe of holy wrath!!
* * * LOW HITPOINT WARNING * * *
Donald hits you with a +1 war axe of holy wrath!!
* * * LOW HITPOINT WARNING * * *
Frances hits you with a +2 war axe of holy wrath.
You die...
Your body crumbles into a pile of gold.

#.#§§~#.#.#.)∩##.#.#.##
'.#§§§#.#.#)).#.#.#.#.#
#.#§§§#...#...##.#.#.##
▓▓▓▓▓▓▓▓▓▓▓▓▓▓#.#.#.#.#
##.#.#.## +.#.#.#.#
##.#.#.## ##'#####
#.@.+ #@@.# #...# #####


You could see Frances (fast) and Donald (fast, reflecting).

Vanquished Creatures
  Snorg (D)
  A centaur warrior (D)
  2 orc high priests (D)
  A deep elf pyromancer (D)
  2 unseen horrors (D)
  A shadow (D)
  A spatial vortex (D)
  2 orc warriors (D)
  2 centaurs (D)
  An earth elemental (D)
  A weeping skull (D)
  A scorpion (D)
  A water elemental (D)
  A wight (D)
  A burial acolyte (D)
  A jelly (D)
  3 orc priests (D)
  An orc wizard (D)
  3 humans (D)
  A kobold demonologist (D)
  10 orcs (D)
  An endoplasm (D)
  3 rats (D)
42 creatures vanquished.

Notes
Turn   | Place    | Note
-------+----------+-------------------------------------------
     0 | D        | rocky1 the Mountain Dwarf Fighter began the quest for the
                  | Orb.
     0 | D        | Reached XP level 1. HP: 19/19 MP: 1/1
    42 | D        | Reached skill level 3 in Axes
    77 | D        | Noticed a scorpion
    83 | D        | Killed a scorpion
    84 | D        | Reached skill level 9 in Axes
    84 | D        | Reached XP level 2. HP: 27/27 MP: 2/2
    84 | D        | Reached XP level 3. HP: 33/33 MP: 3/3
   229 | D        | Reached XP level 4. HP: 12/40 MP: 4/4
   446 | D        | Noticed a water elemental
   453 | D        | Killed a water elemental
   454 | D        | Reached skill level 11 in Axes
   454 | D        | Reached XP level 5. HP: 31/46 MP: 5/5
   559 | D        | Reached skill level 12 in Axes
   676 | D        | Noticed a shadow
   679 | D        | Killed a shadow
   680 | D        | Reached skill level 15 in Axes
   680 | D        | Reached XP level 6. HP: 45/52 MP: 6/6
   712 | D        | Found a blossoming altar of Fedhas.
   712 | D        | Found a stormy altar of Qazlal.
   712 | D        | Found a snail-covered altar of Cheibriados.
   712 | D        | Found a burning altar of Makhleb.
   712 | D        | Found a shimmering altar of Xom.
   713 | D        | Found a hazy altar of Hepliaklqana.
   713 | D        | Found an opulent altar of Gozag.
   713 | D        | Found a sparkling altar of Nemelex Xobeh.
   713 | D        | Found a corrupted altar of Lugonu.
   713 | D        | Found a viscous altar of Jiyva.
   713 | D        | Noticed a spatial vortex
   717 | D        | Became a worshipper of Gozag Ym Sagoz the Greedy
   798 | D        | HP: 2/52 [spatial vortex (4)]
   801 | D        | Killed a spatial vortex
   802 | D        | Reached skill level 16 in Axes
   802 | D        | Reached skill level 5 in Fighting
   996 | D        | Found a basalt altar of Yredelemnul.
   996 | D        | Found a shadowy altar of Dithmenos.
   996 | D        | Found a sacrificial altar of Ru.
  1002 | D        | Reached XP level 7. HP: 66/66 MP: 7/7
  1421 | D        | Found a radiant altar of Vehumet.
  1421 | D        | Found a shimmering blue altar of Sif Muna.
  1421 | D        | Found an ancient bone altar of Kikubaaqudgha.
  1445 | D        | Noticed a soul eater
  1854 | D        | Learned a level 4 spell: Sticky Flame
  1963 | D        | Found a glowing silver altar of Zin.
  1963 | D        | Found a glowing golden altar of the Shining One.
  1963 | D        | Found a white marble altar of Elyvilon.
  1963 | D        | Noticed a deep elf pyromancer
  1969 | D        | Killed a deep elf pyromancer
  1970 | D        | Reached XP level 8. HP: 35/83 MP: 8/8
  2117 | D        | Found a hide-covered altar of Uskayaw.
  2117 | D        | Found a roughly hewn altar of Beogh.
  2117 | D        | Found an iron altar of Okawaru.
  2117 | D        | Found a bloodstained altar of Trog.
  2117 | D        | Found an ornate altar of the Wu Jian Council.
  2358 | D        | Noticed Snorg
  2372 | D        | Killed Snorg
  2411 | D        | Reached XP level 9. HP: 12/90 MP: 9/9
  2743 | D        | Found Wialukk's Antique Armour Boutique.
  2743 | D        | Noticed an orc high priest
  2743 | D        | Noticed an orc high priest
  2749 | D        | Noticed an orange demon
  2749 | D        | Noticed a sixfirhy
  2753 | D        | Noticed an orange demon
  2754 | D        | Killed an orc high priest
  2755 | D        | Noticed an orange demon
  2755 | D        | Noticed a red devil
  2772 | D        | Killed an orc high priest
  2998 | D        | Bought a cloak for 121 gold pieces
  3060 | D        | Noticed a centaur warrior
  3069 | D        | Killed a centaur warrior
  3070 | D        | Reached skill level 10 in Shields
  3070 | D        | Reached skill level 10 in Fire Magic
  3070 | D        | Reached XP level 10. HP: 76/97 MP: 10/10
  3155 | D        | Bought a spiked ring mail for 270 gold pieces
  3155 | D        | Identified the +0 ring mail of Acsoaj {rC+ Str+3} (You
                  | bought it in a shop in the Dungeon)
  3155 | D        | Bought a shimmering ring mail for 270 gold pieces
  3155 | D        | Identified the +1 ring mail "Ihericheo" {Str+4} (You bought
                  | it in a shop in the Dungeon)
  3481 | D        | Reached skill level 17 in Axes
  3640 | D        | Noticed Donald
  3640 | D        | Noticed Frances
  3645 | D        | HP: 1/97 [Donald/+1 war axe of holy wrath (20)]
  3645 | D        | Slain by Frances

Illustrated notes

Levels and vault maps discovered:
D:        dungeon_sprint_mu [sprint_mu_entry_forest, sprint_mu_temple_rooms,
          sprint_mu_d1_horrors, sprint_mu_d2_genie, sprint_mu_d3_branching,
          sprint_mu_orc_legion, sprint_mu_elf_gauntlet, sprint_mu_hive_nellie,
          sprint_mu_lair_fedhas, sprint_mu_vaults_butterflies,
          sprint_mu_slime_circle, sprint_mu_swamp_cave, sprint_mu_snake_twists,
          sprint_mu_blade_basic, sprint_mu_crypt_fortress,
          sprint_mu_tomb_spiral, sprint_mu_vestibule_basic,
          sprint_mu_gehenna_hellfire, sprint_mu_dis_giant,
          sprint_mu_tartarus_statrot, sprint_mu_cocytus_islands, sprint_mu_zot1]

Skill      XL: |  1  2  3  4  5  6  7  8  9 10 |
---------------+-------------------------------+-----
Axes           | 9 11 15 16 17 | 17.0
Fighting       | 7 12 | 12.0
Armour         | 4 12 | 12.0
Shields        | 4 10 | 10.9
Fire Magic     | 2 10 11 | 11.1
Dodging        | |  0.3

Action                     |  1- 3 |  4- 6 |  7- 9 | 10-12 || total
---------------------------+-------+-------+-------+-------++-------
  Melee: War axe           |    31 |    22 |    97 |       ||   150
         Broad axe         |       |       |     8 |    34 ||    42
 Invoke: Potion Petition   |       |       |     1 |     1 ||     2
         Call Merchant     |       |       |       |     1 ||     1
    Use: Potion            |       |     1 |     3 |       ||     4
         Scroll            |       |       |       |     2 ||     2
   Stab: Distracted        |       |       |     1 |       ||     1
 Armour: Scale mail        |    21 |    10 |    77 |       ||   108
         Chain mail        |       |       |    27 |    10 ||    37
         Ring mail         |       |       |       |    75 ||    75
  Dodge: Dodged            |    18 |     2 |    39 |    10 ||    69
  Block: Buckler           |     8 |       |    17 |    10 ||    35

Table legend: (Time is in decaauts)
 A = Elapsed time spent in this place.
 B = Non-inter-level travel time spent in this place.
 C = Inter-level travel time spent in this place.
 D = Time resting spent in this place.
 E = Time spent auto-exploring this place.
 F = Levels seen in this place.
 G = Mean time per level.
                   A        B        C        D        E       F      G
               +--------+--------+--------+--------+--------+-----+--------+
         Total |   3595 |   3595 |      0 |   2921 |      0 |   1 | 3595.0 |
       Dungeon |   3595 |   3595 |      0 |   2921 |      0 |   1 | 3595.0 |
               +--------+--------+--------+--------+--------+-----+--------+

Top non-repeatable levels by time:
       D: 3595 daAuts
